 Dungeon Crawl Stone Soup version 0.28.0 (webtiles) character file.

Game seed: 5617241122232972235

7 croobank the Magician (level 1, 0/16 HPs)
             Began as a Mummy Warper on Feb 10, 2022.
             Slain by an adder (3 damage)
             ... on level 2 of the Dungeon.
             The game lasted 00:01:36 (130 turns).

croobank the Magician (Mummy Warper)                 Turns: 130, Time: 00:01:36

Health: 0/16       AC:  3    Str: 14    XL:     1   Next: 83%
Magic:  4/4        EV: 11    Int: 12    God:
Gold:   0          SH:  0    Dex: 11    Spells: 5/5 levels left

rFire   x . .      SeeInvis .   a - +0 short sword
rCold   + . .      Faith    .   (no shield)
rNeg    + + +      Spirit   .   b - +0 leather armour
rPois   ∞          Reflect  .   (no helmet)
rElec   .          Harm     .   (no cloak)
rCorr   .          Rampage  .   (no gloves)
Will    .....                   (no boots)
Stlth   +.........              (no amulet)
HPRegen 0.05/turn               (no ring)
MPRegen 0.09/turn               (no ring)

@: no status effects
A: cold resistance 1, negative energy resistance 3, torment resistance 2, heat
vulnerability 1, no potions
a: no special abilities


You were on level 2 of the Dungeon.
You visited 1 branch of the dungeon, and saw 2 of its levels.

Inventory:

Hand Weapons
 a - a +0 short sword (weapon)
 e - a +0 hand axe
Missiles
 f - 9 stones (quivered)
Armour
 b - a +0 leather armour (worn)


   Skills:
 + Level 2.0 Fighting
 + Level 1.6 Short Blades
 + Level 0.7 Throwing
 + Level 0.7 Armour
 + Level 1.5 Dodging
 + Level 2.8 Spellcasting
 + Level 2.6 Translocations


You had 5 spell levels left.
You didn't know any spells.
Your spell library contained the following spells:

 Spells                   Type           Power      Damage    Failure   Level
 Blink                    Tloc           16%        N/A       16%         2
 Gell's Gravitas          Tloc           8%         N/A       32%         3
 Lesser Beckoning         Tloc           8%         N/A       32%         3
 Teleport Other           Tloc           8%         N/A       32%         3
 Manifold Assault         Tloc           8%         N/A       96%         5


Dungeon Overview and Level Annotations

Branches:
Dungeon (2/15)

Altars:


Innate Abilities, Weirdness & Mutations

You are immune to poison.
Your flesh is cold resistant. (rC+)
You are immune to negative energy. (rN+++)
You are immune to unholy pain and torment.
You are vulnerable to heat. (rF-)
You do not drink.


Message History

You throw a boomerang of dispersal.
The boomerang of dispersal hits the adder.
The adder blinks!
Throw: 10 stones
Press: ? - help, Q - select action Shift-Dir - straight line, f/p - adder
Aim: an adder (translocational energy, heavily wounded, 35% to hit)
You throw a stone. The stone misses the adder.
Unknown command.
The adder bites you but does no damage.
You barely miss the adder.
The adder is heavily wounded.
The adder closely misses you.
You closely miss the adder.
The adder is heavily wounded.
The adder misses you. The adder barely misses you.
You miss the adder.
The adder is heavily wounded.
The adder bites you.
You closely miss the adder.
The adder is heavily wounded.
The adder barely misses you.
You completely miss the adder.
The adder is heavily wounded.
The adder bites you but does no damage.
You hit the adder but do no damage.
The adder is heavily wounded.
The adder barely misses you. The adder bites you.
* * * LOW HITPOINT WARNING * * *
You completely miss the adder.
The adder is heavily wounded.
The adder bites you.
* * * LOW HITPOINT WARNING * * *
You don't know any spells.
You hit the adder.
The adder is severely wounded.
The adder barely misses you.
You hit the adder but do no damage.
The adder is severely wounded.
The adder closely misses you. The adder bites you.
You die...

###+#######
#.........###
+.........(..
#....(.......
#...$........
#............
#....@.......
############S#+##.##
....... #.# .......
#.# .......#####†#
.......r.S...#
............(#
S..............
.......###.....


You could see an adder.

Vanquished Creatures
  3 ball pythons
  A giant cockroach (D:1)
  A bat (D:1)
  A goblin (D:1)
  A rat (D:2)
7 creatures vanquished.

Notes
Turn   | Place    | Note
-------+----------+-------------------------------------------
     0 | D:1      | croobank the Mummy Warper began the quest for the Orb.
     0 | D:1      | Reached XP level 1. HP: 16/16 MP: 4/4
   130 | D:2      | Slain by an adder

Illustrated notes

Levels and vault maps discovered:
D:1:      minmay_arrival_doors, layout_rooms, serial_shops,
          nicolae_shop_waterfront
D:2:      layout_basic, minmay_mini_jars

Action                   || total
-------------------------++-------
Melee: Short sword       ||    38
Throw: Boomerang         ||     5
       Stone             ||     1
  Use: Scroll            ||     1
Armor: Leather armour    ||    16
Dodge: Dodged            ||    27
